 Dungeon Sprint DCSS version 0.29-a0-834-g1e95ca9f62 (webtiles) character file.

Game seed: 18311561962158874286

149 wilfster70 the Spear-Bearer (level 5, -5/46 HPs)
             Began as a Merfolk Fighter on July 12, 2022.
             Was an Initiate of Gozag.
             Slain by a two-headed ogre
             ... wielding a +0 giant club
              (31 damage)
             ... in the Dungeon (Sprint IX: "|||||||||||||||||||||||||||||").
             The game lasted 00:01:25 (472 turns).

wilfster70 the Spear-Bearer (Merfolk Fighter)        Turns: 472, Time: 00:01:26

Health: -5/46      AC: 11    Str: 19    XL:     5   Next: 31%
Magic:  5/5        EV: 11    Int:  7    God:    Gozag
Gold:   0          SH:  5    Dex: 16    Spells: 4/4 levels left

rFire   . . .      SeeInvis .   a - +0 trident
rCold   . . .      Faith    .   c - +0 buckler
rNeg    . . .      Spirit   .   o - +1 chain mail
rPois   .          Reflect  .   n - +0 helmet
rElec   .          Harm     .   (no cloak)
rCorr   .          Rampage  .   (no gloves)
Will    .....      NoTele   +   (no boots)
Stlth   ..........              (no amulet)
HPRegen 0.15/turn               p - +3 ring of dexterity
MPRegen 0.09/turn               b - +2 ring of evasion

@: mighty, gold aura, invisible
A: (nimble swimmer 2), mertail
a: Renounce Religion, Potion Petition, Call Merchant, Bribe Branch


You were in the Dungeon.
You worshipped Gozag.
Gozag was noncommittal.
You visited 1 branch

Inventory:

Hand Weapons
 a - a +0 trident (weapon)
Armour
 c - a +0 buckler (worn)
 n - a +0 helmet (worn)
 o - a +1 chain mail (worn)
Jewellery
 b - a +2 ring of evasion (right hand)
 p - a +3 ring of dexterity (left hand)
Wands
 m - a wand of quicksilver (10)
Scrolls
 j - 2 scrolls of blinking
 l - 2 scrolls of amnesia
Potions
 e - 5 potions of curing
 f - 2 potions of heal wounds
 g - a potion of haste
 h - 4 potions of magic
 i - a potion of berserk rage


   Skills:
 + Level 5.9 Fighting
 * Level 8.9 Polearms
 + Level 4.1 Armour
 + Level 5.7 Dodging
 - Level 3.0 Shields


You had 4 spell levels left.
You didn't know any spells.
Your spell library was empty.

Dungeon Overview and Level Annotations

Branches:
Dungeon (1/1)

Altars:
Cheibriados
Dithmenos
Elyvilon
Fedhas
Gozag
Hepliaklqana
Kikubaaqudgha
Makhleb
Nemelex Xobeh
Okawaru
Qazlal
Ru
Sif Muna
Trog
Uskayaw
Vehumet
Wu Jian
Xom
Yredelemnul
Zin
The Shining One
Jiyva
Lugonu


Innate Abilities, Weirdness & Mutations

((You are very nimble when in or above water. (Stealth+, EV+, Speed+++)))
Your lower body shifts to a powerful aquatic tail in water.


Message History

The kobold brigand hits you with a +0 short sword.
You closely miss the kobold brigand.
The kobold brigand hits you but does no damage.
You barely miss the kobold brigand. The kobold brigand barely misses you.
You puncture the kobold brigand!
The kobold brigand is heavily wounded.
The kobold brigand hits you with a +0 short sword!
You closely miss the kobold brigand.
The kobold brigand is heavily wounded.
The kobold brigand hits you with a +0 short sword.
You puncture the kobold brigand!
You kill the kobold brigand!
The gnoll bouda is distracted by your dazzling golden aura.
Your Polearms skill increases to level 8!
Your Armour skill increases to level 4!
Your Dodging skill increases to level 5!
You have reached level 5!
You feel stronger.
You fade into invisibility!
The gnoll bouda is no longer distracted by gold.
The two-headed ogre hits you with a +0 giant club!
The two-headed ogre closely misses you.
The kobold brigand is distracted by your dazzling golden aura.
The kobold brigand shouts!
The gnoll bouda shouts!
You puncture the two-headed ogre!
The two-headed ogre is lightly wounded.
Your attacks no longer feel as feeble.
You closely miss the two-headed ogre.
The two-headed ogre is lightly wounded.
The two-headed ogre barely misses you.
The two-headed ogre hits you with a +0 giant club!!
* * * LOW HITPOINT WARNING * * *
You hear a shout!
You hit the two-headed ogre.
The two-headed ogre is moderately wounded.
You feel much better.
The two-headed ogre hits you with a +0 giant club!!
Ouch! That really hurt!
You die...
Your body crumbles into a pile of gold.

$
▓.▓
$
▓c▓
$ $
▓K▓
$
▓.▓
$
▓g▓
▓{▓
$
▓O▓
▓@▓
$
▓.▓
▓[▓
$
▓[▓
▓.▓
$
▓.▓
$
▓)▓
$
▓.▓
$
▓.▓


You could see a two-headed ogre (unable to see you), a kobold brigand (unable to
see you), a centaur (unable to see you) and a gnoll bouda (unable to see you).

Vanquished Creatures
  A kobold brigand (D)
  A hound (D)
  An iguana (D)
  A gnoll (D)
  An adder (D)
  An orc (D)
  A bat (D)
  A giant cockroach (D)
  A goblin (D)
  A hobgoblin (D)
  A quokka (D)
11 creatures vanquished.

Notes
Turn   | Place    | Note
-------+----------+-------------------------------------------
     0 | D        | wilfster70 the Merfolk Fighter began the quest for the Orb.
     0 | D        | Reached XP level 1. HP: 18/18 MP: 1/1
     6 | D        | Reached skill level 3 in Polearms
     6 | D        | Reached skill level 1 in Dodging
    26 | D        | Reached skill level 4 in Polearms
    26 | D        | Reached XP level 2. HP: 20/25 MP: 2/2
    90 | D        | Reached skill level 5 in Polearms
    90 | D        | Reached XP level 3. HP: 12/31 MP: 3/3
    98 | D        | Reached skill level 6 in Polearms
   108 | D        | Reached skill level 5 in Fighting
   108 | D        | Reached skill level 7 in Polearms
   108 | D        | Reached XP level 4. HP: 7/39 MP: 4/4
   393 | D        | Found a snail-covered altar of Cheibriados.
   393 | D        | Found a shadowy altar of Dithmenos.
   393 | D        | Found a white marble altar of Elyvilon.
   393 | D        | Found a blossoming altar of Fedhas.
   393 | D        | Found an opulent altar of Gozag.
   394 | D        | Found a hazy altar of Hepliaklqana.
   395 | D        | Found a viscous altar of Jiyva.
   396 | D        | Found an ancient bone altar of Kikubaaqudgha.
   397 | D        | Found a corrupted altar of Lugonu.
   398 | D        | Found a burning altar of Makhleb.
   399 | D        | Found a sparkling altar of Nemelex Xobeh.
   400 | D        | Found an iron altar of Okawaru.
   401 | D        | Became a worshipper of Gozag Ym Sagoz the Greedy
   402 | D        | Found a stormy altar of Qazlal.
   403 | D        | Found a sacrificial altar of Ru.
   404 | D        | Found a shimmering blue altar of Sif Muna.
   405 | D        | Found a bloodstained altar of Trog.
   406 | D        | Found a hide-covered altar of Uskayaw.
   407 | D        | Found a radiant altar of Vehumet.
   408 | D        | Found an ornate altar of the Wu Jian Council.
   409 | D        | Found a shimmering altar of Xom.
   410 | D        | Found a basalt altar of Yredelemnul.
   411 | D        | Found a glowing silver altar of Zin.
   412 | D        | Found a glowing golden altar of the Shining One.
   456 | D        | Noticed a centaur
   456 | D        | Noticed a kobold brigand
   456 | D        | Noticed a two-headed ogre
   456 | D        | Noticed a kobold brigand
   467 | D        | Killed a kobold brigand
   468 | D        | Reached skill level 8 in Polearms
   468 | D        | Reached skill level 5 in Dodging
   468 | D        | Reached XP level 5. HP: 33/46 MP: 5/5
   472 | D        | Slain by a two-headed ogre

Illustrated notes

Levels and vault maps discovered:
D:        linesprint [early_d, line_temple, items_1, d_10, items_2, lair_1,
          lair_end, items_3, orc_1, orc_end, items_4, d_15, swamp_1, shoals_1,
          snake_1, spider_1, d_20, vaults_1, items_5, swamp_end, shoals_end,
          snake_end, spider_end, vaults_end, d_27, items_6, zot_1, zot_end,
          crypt_end, forest_end, elf_end, slime_end, tomb_end, abyss_end,
          pan_hell_end]

Skill      XL: |  1  2  3  4 |
---------------+-------------+-----
Polearms       | 4 5 7 8 |  8.9
Dodging        | 1 3 4 5 |  5.7
Fighting       | 4 5 |  5.9
Armour         | 3 4 |  4.1
Shields        | |  3.0

Action                   |  1- 3 |  4- 6 || total
-------------------------+-------+-------++-------
Melee: Trident           |    46 |    16 ||    62
  Use: Potion            |       |     3 ||     3
Armor: Scale mail        |    22 |       ||    22
       Chain mail        |       |     2 ||     2
Dodge: Dodged            |    19 |     7 ||    26
Block: Buckler           |     6 |     2 ||     8

Table legend: (Time is in decaauts)
 A = Elapsed time spent in this place.
 B = Non-inter-level travel time spent in this place.
 C = Inter-level travel time spent in this place.
 D = Time resting spent in this place.
 E = Time spent auto-exploring this place.
 F = Levels seen in this place.
 G = Mean time per level.
                   A        B        C        D        E       F      G
               +--------+--------+--------+--------+--------+-----+--------+
         Total |    475 |    475 |      0 |    325 |      0 |   1 |  475.0 |
       Dungeon |    475 |    475 |      0 |    325 |      0 |   1 |  475.0 |
               +--------+--------+--------+--------+--------+-----+--------+

Top non-repeatable levels by time:
       D: 475 daAuts
